Map: Incorporeal LE

Players

LiquidClem (Clem)

  • Race: Terran Terran
  • Spawn Location: 5:00

Reynor - Winner!

  • Race: Zerg Zerg
  • League: Master
  • Spawn Location: 11:00

Event: FEL Cracov 2025

VOD

Have the link to the VOD?

Description

Time

  • Played on: July 27, 2025, 4:17 p.m.
  • Length: 13:29

All games in this series

Show
View Real Time Build Order
Export as new Build Order

LiquidClem Terran 

Build Orders: Reaper Expand 

Get SALT Encoding   

  12  0:00  SCV  
  13  0:12  SCV  
  14  0:16  Supply Depot  
  14  0:24  SCV  
  15  0:38  SCV  
  15  0:40  Barracks  
  15  0:42  Refinery  
  16  0:50  SCV  
  17  1:02  SCV  
  18  1:14  SCV  
  19  1:27  Orbital Command, Reaper  
  20  1:41  Command Center  
  20  1:49  Supply Depot  
  20  1:53  SCV  
  21  1:59  Marine  
  22  2:05  SCV  
  23  2:15  Factory  
  23  2:17  Marine  
  23  2:22  SCV  
  25  2:34  SCV  
  25  2:36  Marine  
  27  2:46  SCV  
  28  2:54  Marine  
  28  2:58  SCV  
  30  3:00  Hellion  
  30  3:04  Orbital Command  
  29  3:10  SCV  
  29  3:12  Marine  
  27  3:21  Factory Tech Lab  
  27  3:22  SCV  
  28  3:30  Marine  
  28  3:32  SCV  
  30  3:36  SCV  
  30  3:39  Cyclone  
  30  3:41  Barracks  
  34  3:45  SCV  
  34  3:48  SCV  
  36  3:49  Marine  
  36  3:58  Barracks  
  35  4:04  SCV  
  35  4:05  SCV  
  35  4:07  Marine  
  38  4:11  Cyclone  
  38  4:16  SCV  
  41  4:18  SCV  
  41  4:20  Refinery  
  42  4:25  Barracks, Marine  
  42  4:28  SCV  
  42  4:30  Marine  
  42  4:40  SCV  
  42  4:43  Marine  
  41  4:47  Cyclone  
  41  4:49  Marine  
  45  4:53  SCV  
  45  4:58  Supply Depot  
  46  5:06  Marine x2  
  48  5:07  SCV x2, Marine  
  51  5:17  Marine  
  51  5:19  SCV x2  
  54  5:21  Siege Tank  
  54  5:24  Marine  
  54  5:28  Marine  
  52  5:31  SCV x2  
  52  5:32  Marine  
  52  5:34  Marine  
  53  5:43  Marine  
  53  5:46  SCV  
  53  5:47  Marine  
  56  5:51  Starport  
  56  5:59  Marine  
  56  6:00  SCV  
  56  6:02  Marine  
  59  6:04  Factory Reactor  
  59  6:08  Marine  
  59  6:10  Stimpack, Marine  
  61  6:12  Orbital Command  
  61  6:15  SCV  
  62  6:19  Marine  
  62  6:23  Marine  
  52  6:27  Marine, SCV  
  52  6:28  Marine  
  55  6:37  Supply Depot, Marine  
  57  6:42  Marine  
  57  6:46  Factory Tech Lab  
  57  6:47  Medivac x2, Marine  
  57  6:49  Marine  
  59  6:58  Supply Depot  
  59  6:59  Marine  
  59  7:00  Marine  
  61  7:06  Marine  
  61  7:07  Marine  
  63  7:10  Command Center  
  63  7:14  Refinery  
  63  7:17  Marine  
  63  7:18  Siege Tank  
  63  7:21  SCV x2  
  69  7:23  Barracks Reactor  
  69  7:28  Refinery, Barracks Reactor  
  69  7:29  Supply Depot  
  69  7:31  Marine  
  69  7:33  SCV  
  71  7:37  SCV  
  71  7:38  Starport Reactor  
  71  7:43  Engineering Bay  
  71  7:44  Engineering Bay  
  72  7:45  Supply Depot, SCV  
  72  7:49  SCV, Combat Shield  
  72  7:50  Marine  
  75  7:52  Marine  
  75  7:53  Marine  
  75  7:57  SCV  
  78  8:00  Siege Tank, Supply Depot  
  78  8:01  Marine  
  78  8:03  SCV  
  83  8:05  Marine  
  83  8:07  Marine  
  83  8:09  Marine x2  
  87  8:13  Terran Infantry Weapons Level 1  
  87  8:14  Marine x2  
  87  8:17  SCV  
  87  8:19  SCV  
  91  8:23  Marine x2  
  91  8:26  Marine  
  92  8:31  Medivac, Marine x2  
  96  8:36  Medivac  
  96  8:40  Siege Tank  
  100  8:41  Marine  
  100  8:42  Marine  
  100  8:43  Marine  
  100  8:44  Marine  
  100  8:47  Terran Infantry Armor Level 1  
  104  8:50  Marine  
  104  8:51  Marine  
  104  8:52  Marine  
  107  8:58  SCV  
  107  9:00  Supply Depot  
  107  9:02  Orbital Command  
  108  9:04  Marine  
  108  9:06  Medivac  
  108  9:09  SCV  
  112  9:10  SCV  
  112  9:15  Siege Tank  
  112  9:16  Marine  
  117  9:21  Marine x4  
  117  9:24  Marine x2  
  121  9:25  SCV  
  121  9:28  Supply Depot, SCV  
  125  9:35  Supply Depot  
  125  9:36  Armory  
  125  9:49  Medivac, Supply Depot, SCV x3  
  125  9:50  Supply Depot, Marauder  
  133  9:57  Barracks  
  133  9:59  Barracks  
  130  10:00  Supply Depot  
  130  10:01  SCV x3  
  133  10:11  Medivac  
  133  10:13  Widow Mine x2, Marine x4, Marauder x2  
  142  10:24  Supply Depot, Command Center  
  142  10:27  Medivac  
  144  10:29  Supply Depot, Terran Infantry Weapons Level 2  
  144  10:32  Marine  
  144  10:33  Marine x2  
  144  10:35  Marine  
  148  10:38  Refinery  
  148  10:40  Widow Mine x2  
  152  10:44  Supply Depot  
  152  10:46  Marauder  
  135  10:50  Marauder  
  135  10:52  Medivac  
  135  10:55  Barracks Tech Lab  
  136  10:58  Marine  
  136  11:00  Terran Infantry Armor Level 2  
  136  11:01  Marine  
  138  11:05  Barracks Reactor, Marine  
  138  11:07  Widow Mine x2  
  138  11:08  Marauder  
  145  11:11  Medivac  
  145  11:14  Marine  
  145  11:17  Marauder x2  
  152  11:22  Marine  
  152  11:23  Marine  
  152  11:24  SCV x2  
  145  11:27  Medivac  
  145  11:30  SCV  
  145  11:32  Marine, Widow Mine  
  138  11:35  Marauder  
  130  11:41  Medivac  
  130  11:42  Marine, Widow Mine  
  130  11:43  Marine  
  130  11:44  Marine  
  130  11:46  SCV  
  116  11:48  SCV  
  116  11:51  Marine x2  
  116  11:54  SCV  
  117  11:58  SCV  
  117  12:00  SCV  
  115  12:01  Marine  
  115  12:03  Marine  
  115  12:04  Marine x2  
  115  12:06  SCV  
  114  12:10  SCV  
  114  12:13  Marine  
  114  12:14  Marine  
  114  12:15  SCV  
  117  12:18  SCV  
  117  12:21  Marine  
  119  12:23  SCV  
  119  12:25  Marauder  
  119  12:27  SCV, Marine  
  124  12:30  Marine, SCV  
  124  12:31  Marine  
  124  12:34  Marauder  
  129  12:39  Marauder  
  129  12:42  Marine x3  
  129  12:43  SCV  
  131  12:45  Widow Mine x2, Marine  
  139  12:57  Marauder  
  144  13:02  Marauder  
  144  13:03  Marauder  
Show
View Real Time Build Order
Export as new Build Order

Reynor Zerg - Winner!

Build Orders: Hatch First 

Get SALT Encoding   

  12  0:00  Drone  
  13  0:07  Drone  
  13  0:14  Extractor, Drone  
  15  0:22  Overlord  
  15  0:40  Drone x2  
  17  0:53  Hatchery  
  17  0:54  Drone  
  17  0:58  Drone  
  18  1:08  Extractor  
  17  1:14  Spawning Pool  
  17  1:16  Drone  
  17  1:19  Drone  
  18  1:26  Drone  
  19  1:40  Hatchery  
  19  1:43  Drone  
  19  2:02  Zergling x4  
  19  2:04  Queen  
  19  2:05  Zergling x2  
  24  2:15  Metabolic Boost  
  24  2:18  Zergling x2  
  25  2:27  Zergling x2  
  26  2:31  Overlord  
  26  2:33  Queen  
  28  2:49  Zergling x2  
  28  2:50  Zergling x2, Queen  
  29  3:01  Zergling x2  
  29  3:03  Zergling x6  
  32  3:09  Zergling x2  
  32  3:11  Drone x2  
  34  3:21  Zergling x2  
  34  3:23  Drone  
  34  3:24  Queen  
  36  3:31  Drone x2  
  36  3:33  Drone  
  39  3:36  Drone x2  
  39  3:39  Zergling x2  
  42  3:45  Overlord  
  42  3:55  Overlord  
  42  3:59  Overlord  
  42  4:07  Drone  
  42  4:08  Zergling x2  
  42  4:09  Zergling x2  
  45  4:12  Drone x4  
  45  4:13  Queen  
  51  4:18  Zergling x2  
  51  4:21  Drone x2  
  50  4:33  Zergling x2  
  50  4:34  Zergling x6  
  50  4:35  Zergling x2  
  51  4:44  Zergling x2  
  51  4:45  Zergling x10  
  55  4:52  Zergling x2  
  56  4:54  Hatchery, Drone x3  
  56  5:01  Zergling x2  
  56  5:03  Queen  
  59  5:07  Overlord  
  59  5:10  Zergling x2  
  59  5:14  Overlord  
  56  5:26  Zergling x10  
  56  5:28  Zergling x4  
  56  5:29  Zergling x2  
  56  5:33  Zergling x2  
  56  5:34  Queen  
  59  5:37  Zergling x2  
  59  5:41  Zergling x2  
  59  5:47  Drone  
  59  5:49  Queen, Evolution Chamber  
  61  5:53  Zergling x2  
  62  5:58  Zergling x2  
  63  6:05  Zergling x12  
  63  6:07  Drone x2  
  63  6:11  Queen  
  68  6:13  Queen  
  68  6:15  Overlord  
  70  6:20  Drone x2  
  70  6:23  Drone  
  65  6:28  Drone x2  
  65  6:29  Zerg Ground Armor Level 1  
  67  6:33  Drone x4  
  67  6:34  Drone  
  67  6:35  Drone  
  67  6:37  Drone  
  74  6:42  Overlord  
  74  6:46  Drone  
  71  6:47  Drone  
  71  6:53  Drone x2  
  71  6:54  Evolution Chamber  
  69  6:58  Drone  
  69  6:59  Drone  
  69  7:00  Drone x3  
  74  7:02  Drone x3  
  74  7:03  Drone x3  
  80  7:09  Extractor  
  80  7:10  Extractor  
  80  7:11  Extractor  
  80  7:12  Hatchery  
  80  7:14  Lair  
  80  7:15  Zergling x2  
  77  7:17  Zergling x2  
  77  7:18  Zergling x4  
  77  7:22  Zerg Melee Weapons Level 1, Drone  
  81  7:24  Zergling x2  
  81  7:28  Queen  
  81  7:29  Zergling x6  
  87  7:30  Zergling x2  
  87  7:33  Overlord  
  87  7:35  Zergling x4  
  90  7:39  Zergling x6  
  90  7:42  Zergling x4  
  95  7:44  Overlord  
  95  7:50  Overlord  
  95  7:53  Zergling x2  
  95  7:55  Zergling x2  
  95  7:57  Drone  
  97  7:59  Zergling x2  
  97  8:01  Overlord  
  98  8:07  Drone  
  98  8:08  Drone  
  98  8:10  Drone x6  
  106  8:12  Infestation Pit  
  106  8:13  Hatchery  
  106  8:14  Zergling x2  
  106  8:18  Zergling x4  
  107  8:24  Zergling x4  
  107  8:26  Zergling x6, Zerg Ground Armor Level 2  
  111  8:28  Zergling x2  
  111  8:30  Zergling x2  
  111  8:34  Overlord  
  113  8:35  Zergling x4  
  113  8:40  Zergling x14  
  122  8:45  Drone  
  122  8:46  Hatchery  
  122  8:50  Drone  
  122  8:51  Hive  
  122  8:53  Overlord  
  122  8:54  Infestor  
  125  9:00  Infestor x2  
  129  9:03  Zergling x6  
  129  9:04  Drone  
  129  9:06  Drone x2  
  135  9:10  Drone  
  135  9:11  Overlord  
  135  9:14  Drone x3  
  135  9:16  Zerg Melee Weapons Level 2  
  139  9:17  Zergling x6  
  139  9:19  Burrow  
  139  9:21  Overlord  
  139  9:23  Zergling x4  
  144  9:30  Drone x2  
  146  9:31  Drone  
  146  9:32  Drone x2  
  146  9:33  Zergling x12  
  146  9:35  Overlord  
  155  9:40  Zergling x6  
  155  9:45  Zergling x4  
  160  9:46  Zergling x6  
  160  9:49  Zergling x6  
  160  9:50  Overlord x2  
  166  9:53  Overlord  
  166  9:54  Zergling x6  
  166  9:56  Zergling x2  
  170  10:05  Adrenal Glands  
  170  10:07  Ultralisk Cavern  
  170  10:08  Drone x3  
  170  10:09  Drone x4  
  170  10:11  Extractor, Zergling x10  
  170  10:12  Spore Crawler  
  179  10:14  Zergling x2  
  179  10:17  Zergling x10  
  179  10:18  Zergling x4  
  178  10:23  Zergling x12  
  178  10:27  Overlord  
  185  10:28  Zergling x8  
  185  10:33  Zergling x6  
  191  10:37  Overlord  
  191  10:40  Zergling x6  
  194  10:49  Overlord  
  190  10:51  Zerg Ground Armor Level 3  
  190  10:56  Drone x3  
  193  10:59  Infestor  
  193  11:01  Chitinous Plating  
  193  11:02  Zergling x12  
  199  11:07  Hatchery  
  199  11:09  Baneling Nest, Drone  
  199  11:10  Spire  
  171  11:28  Ultralisk x2, Zergling x42  
  171  11:29  Zergling x4  
  179  11:45  Ultralisk, Zergling x14  
  168  11:52  Drone x3  
  168  11:53  Drone x4  
  173  11:56  Extractor  
  169  12:02  Ultralisk, Zergling x10  
  169  12:07  Zergling x4  
  169  12:08  Zergling x2  
  180  12:15  Zergling x2, Ultralisk  
  180  12:16  Zergling x2  
  180  12:20  Hatchery  
  180  12:21  Zergling x2  
  180  12:22  Zergling x22  
  192  12:27  Ultralisk  
  192  12:28  Zergling x4  
  200  12:31  Hatchery  
  194  12:45  Zergling x10, Infestor  
  194  12:46  Infestor  
  196  13:02  Zergling x2  
  196  13:03  Zergling x38  
  196  13:04  Zergling x2  
  198  13:05  Zergling x2  
  198  13:08  Zergling x10  
Tags
 
Add a new tag
Caveats
  • Supply blocks, unpowered buildings, or Contaminate may cause inaccurate times.
  • Supply counts are checked every 10 seconds.